 Dungeon Crawl Stone Soup version 0.20.0-1-g1cb1d84 (webtiles) character file.

188 straycat the Insei (level 5, -2/39 HPs)
             Began as a Vampire Wanderer on May 26, 2017.
             Slain by an ogre
             ... wielding a +0 giant club
              (18 damage)
             ... on level 3 of the Dungeon.
             The game lasted 00:16:59 (3233 turns).

straycat the Insei (Vampire Wanderer)               Turns: 3233, Time: 00:16:59

Health: -2/39      AC: 10    Str: 11    XL:     5   Next: 39%
Magic:  14/14      EV: 10    Int: 12    God:
Gold:   123        SH:  4    Dex: 17    Spells: 4/4 levels left

rFire    . . .     SeeInvis +   b - +0 falchion
rCold    + . .     Gourm    .   i - +0 buckler
rNeg     + + .     Faith    .   a - +2 scale mail
rPois    +         Spirit   .   r - +0 helmet
rElec    .         Reflect  .   (no cloak)
rCorr    .         Harm     .   n - +0 pair of gloves
MR       .....                  (no boots)
Stlth    +.........             (no amulet)
Regen    0.1/turn               l - ring of magical power
MPRegen  0.2/turn               (no ring)

@: regenerating slowly
A: fangs 3, see invisible, unbreathing
a: Bat Form


You were on level 3 of the Dungeon.
You were thirsty.

You visited 1 branch of the dungeon, and saw 3 of its levels.

You collected 123 gold pieces.

Inventory:

Hand Weapons
 b - a +0 falchion (weapon)
 h - a +0 spear
 k - a +0 long sword
Missiles
 e - 104 stones (quivered)
 f - 5 poisoned needles
Armour
 a - a +2 scale mail (worn)
 i - a +0 buckler (worn)
 n - a +0 pair of gloves (worn)
 o - +0 fire dragon scales
 r - a +0 helmet (worn)
Jewellery
 l - a ring of magical power (left hand)
 v - a +4 ring of evasion {unknown}
Wands
 t - a wand of scattershot (5/9)
Scrolls
 q - a scroll of magic mapping
 u - a scroll of remove curse
 w - a scroll of teleportation
Potions
 c - a potion of lignification
 d - 21 potions of blood
 g - 4 potions of curing {unknown}
 j - a potion of invisibility {unknown}
 m - a potion of heal wounds
 s - a potion of mutation {unknown}


   Skills:
 - Level 2.6 Fighting
   Level 1.0 Maces & Flails
 - Level 1.0 Throwing
 - Level 1.5 Armour
 + Level 4.1 Dodging
 - Level 1.0 Shields
 * Level 4.2 Unarmed Combat


You had 4 spell levels left.
You didn't know any spells.

Dungeon Overview and Level Annotations

Branches:
Dungeon (3/15)

Altars:


Innate Abilities, Weirdness & Mutations

You heal slowly.
You have razor-sharp teeth.
You have supernaturally acute eyesight. (SInv)
You can survive without breathing.


Message History

The gnoll hits you but does no damage. x2
You closely miss the gnoll. You bite the gnoll.
You draw the gnoll's blood!
You feel better.
You feel slightly less thirsty.
You kill the gnoll!
The gnoll misses you. You block the ogre's attack.
You barely miss the ogre. You block the gnoll's attack. x2
The ogre closely misses you.
You hit the ogre.
The ogre is lightly wounded.
The gnoll hits you from afar with a spear.
The ogre closely misses you.
You hit the ogre but do no damage.
The ogre is lightly wounded.
The gnoll hits you from afar with a spear.
The ogre hits you with a giant club!
You barely miss the ogre. You bite the ogre.
You draw the ogre's blood!
You feel better.
You feel slightly less thirsty.
The ogre is lightly wounded.
The ogre hits you with a giant club!!
You die...

....##..........###...........#
........#..###..# ##.####....##
##.#######..##.## #.. #.....#
....# ##....# #.###..##.# ##..#
#..## #......##.# ##.# #..##
#.......#.# ...# ######...###
#.......#.# .#.#
#..........####.......#.## ...##
#.........@O.##........%.# ....#
#..........#..#.......#..## ....#
#..........##g#.......#....
....###..........##)#...รท...#..#.
..#...#..........##...Og....##...
....#..#...#########............#
..........## #.(......##...
........#.# ###.###.####..
.#......#..####### #.# #.# #..


You could see an ogre and a gnoll.

Vanquished Creatures
  Terence (D:2)
  A worker ant (D:2)
  3 gnolls (D:3)
  5 adders
  4 worms
  3 leopard geckos
  2 ball pythons
  4 goblins
  5 hobgoblins
  3 jackals (D:3)
  7 kobolds
  8 bats
  4 frilled lizards
  8 rats
58 creatures vanquished.

Notes
Turn   | Place    | Note
-------+----------+-------------------------------------------
     0 | D:1      | straycat the Vampire Wanderer began the quest for the Orb.
     0 | D:1      | straycat set off with: a +2 scale mail, a +0 falchion, a potion of lignification, a potion of blood
     0 | D:1      | Reached XP level 1. HP: 17/17 MP: 1/1
   382 | D:1      | Reached XP level 2. HP: 23/23 MP: 2/2
  1193 | D:2      | Reached XP level 3. HP: 28/28 MP: 3/3
  1204 | D:2      | Noticed Terence
  1237 | D:2      | Killed Terence
  1706 | D:2      | Reached XP level 4. HP: 22/34 MP: 4/4
  2848 | D:3      | Reached XP level 5. HP: 39/39 MP: 5/5
  3180 | D:3      | Noticed an ogre
  3233 | D:3      | Slain by an ogre

Skill      XL: |  1  2  3  4  5 |
---------------+----------------+-----
Dodging        | 2 3 4 |  4.1
Unarmed Combat | 2 3 4 |  4.2
Fighting       | |  2.6
Maces & Flails | |  1.0
Throwing       | |  1.0
Armour         | |  1.5
Shields        | |  1.0

Action                   |  1- 3 |  4- 6 || total
-------------------------+-------+-------++-------
Melee: Falchion          |    58 |   119 ||   177
       Bite              |    13 |    18 ||    31
       Long sword        |    62 |     6 ||    68
Throw: Stone             |     3 |     1 ||     4
       Tomahawk          |       |    10 ||    10
  Use: Potion            |     4 |     2 ||     6
       Scroll            |     2 |     1 ||     3
Armor: Scale mail        |    75 |    63 ||   138
Dodge: Dodged            |    55 |    85 ||   140
Block: Buckler           |    20 |    32 ||    52
       Rpst.: Falchion   |     6 |    21 ||    27
       Long sword        |     8 |     1 ||     9
